 Dungeon Crawl Stone Soup version 0.26.1-11-gd32895ea62 (webtiles) character file.

Game seed: 2973620869786570661

102 phalm the Chiller (level 4, -6/32 HPs)
             Began as a Gnoll Ice Elementalist on June 14, 2021.
             Splashed by Ijyb's acid (12 damage)
             ... on level 3 of the Dungeon.
             The game lasted 00:04:26 (2843 turns).

phalm the Chiller (Gnoll Ice Elementalist)          Turns: 2843, Time: 00:04:27

Health: -6/32      AC:  1    Str: 10    XL:     4   Next: 78%
Magic:  8/11       EV: 19    Int: 19    God:
Gold:   147        SH:  0    Dex: 15    Spells: 6/13 levels left

rFire    . . .     SeeInvis .   e - +2 short sword (freeze)
rCold    . . .     Faith    .   (no shield)
rNeg     . . .     Spirit   .   a - +0 robe
rPois    .         Reflect  .   o - +2 helmet
rElec    .         Harm     .   (no cloak)
rCorr    .         Rampage  .   (no gloves)
Will     .....                  (no boots)
Stlth    +++.......             (no amulet)
HPRegen  0.10/turn              E - +4 ring of evasion
MPRegen  0.12/turn              (no ring)

@: corroded, frozen ramparts
A: distributed training, fangs 1, strong nose
a: no special abilities


You were on level 3 of the Dungeon.
You visited 1 branch of the dungeon, and saw 4 of its levels.

You collected 147 gold pieces.


Innate Abilities, Weirdness & Mutations

Your experience applies equally to all skills.
You have very sharp teeth.
Your uncanny sense of smell can sniff out nearby items.


   Skills:
 + Level 1.2 Fighting
 + Level 1.2 Short Blades
 + Level 1.2 Long Blades
 + Level 1.2 Axes
 + Level 1.2 Maces & Flails
 + Level 1.2 Polearms
 + Level 1.2 Staves
 + Level 1.2 Slings
 + Level 1.2 Bows
 + Level 1.2 Crossbows
 + Level 1.2 Throwing
 + Level 1.2 Armour
 + Level 4.7 Dodging
 + Level 4.3 Stealth
 + Level 1.2 Shields
 + Level 1.2 Unarmed Combat
 + Level 5.1 Spellcasting
 + Level 1.0 Conjurations
 + Level 1.0 Hexes
 + Level 1.0 Summonings
 + Level 1.0 Necromancy
 + Level 1.0 Translocations
 + Level 1.0 Transmutations
 + Level 1.0 Fire Magic
 + Level 7.1 Ice Magic
 + Level 1.0 Air Magic
 + Level 1.0 Earth Magic
 + Level 1.0 Poison Magic
 + Level 1.3 Invocations
 + Level 1.2 Evocations


You had 6 spell levels left.
You knew the following spells:

 Your Spells              Type           Power        Failure   Level
f - Freeze                Ice            100%         1%          1
o - Ozocubu's Armour      Ice            32%          1%          3
r - Frozen Ramparts       Ice            64%          1%          3

Your spell library contained the following spells:

 Spells                   Type           Power        Failure   Level
 Hailstorm                Conj/Ice       20%          22%         4
 Summon Ice Beast         Ice/Summ       20%          22%         4

Inventory:

Hand Weapons
 c - a +0 spear
   (You found it on level 1 of the Dungeon)
 e - a +2 short sword of freezing (weapon)
   (You took it off a kobold on level 1 of the Dungeon)
Missiles
 g - 29 sling bullets
Armour
 a - a +0 robe (worn)
 o - a +2 helmet (worn)
   (You took it off Robin on level 2 of the Dungeon)
Jewellery
 E - a +4 ring of evasion (left hand)
   (You found it on level 1 of the Dungeon)
Scrolls
 b - 3 scrolls of teleportation {unknown}
 h - 2 scrolls of enchant weapon {unknown}
 j - a scroll of fog {unknown}
 k - 2 scrolls of identify {unknown}
 l - 2 scrolls of immolation {unknown}
 n - a scroll of noise {unknown}
 p - 3 scrolls of remove curse {unknown}
 q - a scroll of random uselessness {unknown}
Potions
 d - a potion of lignification {unknown}
 f - a potion of heal wounds {unknown}
 i - a potion of haste {unknown}
 m - 2 potions of curing {unknown}
 r - a potion of resistance {unknown}

Dungeon Overview and Level Annotations

Branches:
Dungeon (4/15)
 Temple: D:4-7

Altars:
Sif Muna

Annotations:
D:3 Ijyb

)###.#
#..#.######...†..#
.+...#
#..#........<....#
.#####
#..#######.......# .#
...............†.# .#
#############..#+#......
## ..........# #..#
#.###.# .#
#.........###..#.#... ..
.+ ........^...)).....##
# .#
#.#####@.......#.#... .#
####)###...##.#... .#
#...g.##...+. #.. .#
#.....##...# .#
#.....##...# .#
#.....##.... .#
+.....##..... ## #.....#
### ........


You could see Ijyb.


Message History

Your Air Magic skill increases to level 1!
Your Earth Magic skill increases to level 1!
Your Poison Magic skill increases to level 1! 😎 MP[-1]
You lost 1 mp, and now have 9/11 mp.
A rat comes into view.
You freeze the rat!
You kill the rat!
You see here a goblin corpse.
An orc comes into view.
It is wielding a +1 short sword of draining.
You see here a smoky white potion. 😎 MP[+2]
Your mp is fully restored (11).
r - a smoky white potion 2 orcs come into view.
The orc shouts! x2
An orc comes into view. It is wielding a +0 flail.
You hear a shout!
The orc shouts!
An orc comes into view. It is wielding a +0 hand axe.
A leopard gecko comes into view.
Casting: Freeze (safe; 1% risk of failure)
Confirm with . or Enter, or press ? or * to list all spells.
A film of ice covers your body!
The leopard gecko hisses angrily.
The orc shouts!
The orc hits you but does no damage.
You feel drained. 😎 HP[-1] MP[-3]
You now have 31 max hp (-1).
You lost 3 mp, and now have 8/11 mp.
Casting: Ozocubu's Armour (safe; 1% risk of failure)
Confirm with . or Enter, or press ? or * to list all spells.
Casting: Frozen Ramparts (safe; 1% risk of failure)
Press: ? - help, Dir - look around, f - activate The walls around you are covered in ice.
The wall freezes the orc!
You kill the orc!
The wall freezes the orc.
The orc completely misses you.
The wall freezes the orc.
The orc hits you. 😕 HP[-1] MP[-3]
You take 1 damage, and now have 30/31 hp.
You lost 3 mp, and now have 5/11 mp.
You hit the orc. You freeze the orc.
You kill the orc!
The wall freezes the orc!
You kill the orc!
The wall freezes the orc!
The orc hits you but does no damage.
You barely miss the orc.
The wall freezes the orc.
You kill the orc!
You freeze the orc.
The wall freezes the orc!
You kill the orc! 😕 MP[-1]
You lost 1 mp, and now have 4/11 mp.
You freeze the leopard gecko.
You kill the leopard gecko! 😕 MP[-1]
You lost 1 mp, and now have 3/11 mp.
The frozen ramparts melt away.
Your icy armour starts to melt.
Your icy armour evaporates.
Things that are here:
a +0 flail; a +1 short sword of draining; an orc corpse 😎 HP[+1] MP[+8]
Your hp is fully restored (31).
Your mp is fully restored (11).
Items here: )) ††.
Okay, then.
m - 2 grey potions (gained 1)
You open the door.
A hobgoblin comes into view. It is wielding a +0 club.
The hobgoblin shouts!
You hear a shout!
There is an open door here.
Ijyb the Twisted Goblin comes into view.
She is carrying a wand of acid (7).
Casting: Freeze (safe; 1% risk of failure)
Confirm with . or Enter, or press ? or * to list all spells.
Casting: Frozen Ramparts (safe; 1% risk of failure)
Press: ? - help, Dir - look around, f - activate
Okay, then.
The hobgoblin misses you.
There is an open door here.
Casting: Frozen Ramparts (safe; 1% risk of failure)
Confirm with . or Enter, or press ? or * to list all spells.
Casting: Frozen Ramparts (safe; 1% risk of failure)
Press: ? - help, Dir - look around, f - activate The walls around you are covered in ice.
The wall freezes the hobgoblin. 😎 MP[-3]
You lost 3 mp, and now have 8/11 mp.
Ijyb zaps a wand.
The bolt of acid misses the hobgoblin.
The bolt of acid misses you.
The wall freezes the hobgoblin.
The hobgoblin misses you.
Ijyb screams, "Level is mine!
All mine!"
The wall freezes the hobgoblin.
You kill the hobgoblin!
Your life force feels restored.
You now have 32 max hp (+1).
The wall freezes Ijyb!
Ijyb zaps a wand.
The bolt of acid hits you!!
Ouch! That really hurt!
* * * LOW HITPOINT WARNING * * *
The acid corrodes you!
You are splashed with acid!
You die...

Skill      XL: |  1  2  3  4 |
---------------+-------------+-----
Spellcasting   | 5 |  5.1
Invocations    | 1 |  1.3
Fighting       | 1 |  1.2
Short Blades   | 1 |  1.2
Long Blades    | 1 |  1.2
Axes           | 1 |  1.2
Maces & Flails | 1 |  1.2
Polearms       | 1 |  1.2
Staves         | 1 |  1.2
Slings         | 1 |  1.2
Bows           | 1 |  1.2
Crossbows      | 1 |  1.2
Throwing       | 1 |  1.2
Armour         | 1 |  1.2
Shields        | 1 |  1.2
Unarmed Combat | 1 |  1.2
Evocations     | 1 |  1.2
Conjurations   | 1 |  1.0
Hexes          | 1 |  1.0
Summonings     | 1 |  1.0
Necromancy     | 1 |  1.0
Translocations | 1 |  1.0
Transmutations | 1 |  1.0
Fire Magic     | 1 |  1.0
Air Magic      | 1 |  1.0
Earth Magic    | 1 |  1.0
Poison Magic   | 1 |  1.0
Dodging        | |  4.7
Stealth        | |  4.3
Ice Magic      | |  7.1

Action                   |  1- 3 |  4- 6 || total
-------------------------+-------+-------++-------
Melee: Spear             |    15 |       ||    15
       Bite              |     2 |       ||     2
       Short sword       |    11 |    13 ||    24
 Cast: Freeze            |    31 |    10 ||    41
       Frozen Ramparts   |     1 |     2 ||     3
       Ozocubu's Armour  |     1 |     1 ||     2
 Stab: Sleeping          |     5 |     1 ||     6
Armor: Robe              |     1 |     5 ||     6
Dodge: Dodged            |    24 |    13 ||    37

Levels and vault maps discovered:
D:1:      ncdulo_lavacross, layout_basic, serial_co_window_serial,
          co_window_of_opportunity_a, co_window_paths_b, co_window_paths_a,
          co_window_paths_b, co_window_paths_a, co_window_corner_cb,
          co_window_paths_c, co_window_of_opportunity_c, co_window_broadway_a,
          co_window_paths_c, co_window_unsneaky_path_e, co_window_paths_c,
          co_window_4corner_b, co_window_paths_d, glass_columns_a,
          hangedman_decor_push, serial_bayou_pond_a
D:2:      layout_basic, general_overflow_altar, roderic_serpentine_path,
          grunt_decor_arrowhead, minmay_worlds_worst_comb, uniq_robin
D:3:      minmay_chambers_of_threes, layout_basic, hex_intersection, uniq_ijyb
D:4:      layout_basic

Notes
Turn   | Place    | Note
-------+----------+-------------------------------------------
     0 | D:1      | phalm the Gnoll Ice Elementalist began the quest for the
                  | Orb.
     0 | D:1      | Reached XP level 1. HP: 13/13 MP: 6/6
     0 | D:1      | magus.rc [v1.9.10]
   373 | D:1      | Reached XP level 2. HP: 19/19 MP: 2/7
  1241 | D:2      | Reached XP level 3. HP: 25/25 MP: 9/9
  1245 | D:2      | Learned a level 3 spell: Frozen Ramparts
  1249 | D:2      | Learned a level 3 spell: Ozocubu's Armour
  1299 | D:2      | Reached skill level 5 in Spellcasting
  1453 | D:2      | Reached skill level 1 in Invocations
  1693 | D:2      | You fall into a shaft and drop 2 floors!
  1948 | D:2      | Noticed Robin
  1952 | D:2      | Reached skill level 1 in Fighting
  1952 | D:2      | Reached skill level 1 in Short Blades
  1952 | D:2      | Reached skill level 1 in Long Blades
  1952 | D:2      | Reached skill level 1 in Axes
  1952 | D:2      | Reached skill level 1 in Maces & Flails
  1952 | D:2      | Reached skill level 1 in Polearms
  1952 | D:2      | Reached skill level 1 in Staves
  1952 | D:2      | Reached skill level 1 in Slings
  1952 | D:2      | Reached skill level 1 in Bows
  1952 | D:2      | Reached skill level 1 in Crossbows
  1952 | D:2      | Reached skill level 1 in Throwing
  1952 | D:2      | Reached skill level 1 in Armour
  1952 | D:2      | Reached skill level 1 in Shields
  1952 | D:2      | Reached skill level 1 in Unarmed Combat
  1952 | D:2      | Reached skill level 1 in Evocations
  1954 | D:2      | Killed Robin
  1955 | D:2      | Reached XP level 4. HP: 31/32 MP: 3/11
  2486 | D:2      | Found a shimmering blue altar of Sif Muna.
  2725 | D:3      | Reached skill level 1 in Conjurations
  2725 | D:3      | Reached skill level 1 in Hexes
  2725 | D:3      | Reached skill level 1 in Summonings
  2725 | D:3      | Reached skill level 1 in Necromancy
  2725 | D:3      | Reached skill level 1 in Translocations
  2725 | D:3      | Reached skill level 1 in Transmutations
  2725 | D:3      | Reached skill level 1 in Fire Magic
  2725 | D:3      | Reached skill level 1 in Air Magic
  2725 | D:3      | Reached skill level 1 in Earth Magic
  2725 | D:3      | Reached skill level 1 in Poison Magic
  2835 | D:3      | Noticed Ijyb
  2843 | D:3      | HP: 6/32 [Ijyb/bolt of acid (25)]
  2843 | D:3      | Splashed by Ijyb's acid

Vanquished Creatures
  Robin (D:2)
  2 adders (D:2)
  A worm (D:2)
  A dart slug (D:1)
  4 leopard geckos
  5 orcs (D:3)
  A ball python (D:2)
  5 giant cockroaches
  11 goblins
  8 hobgoblins
  3 jackals (D:1)
  6 kobolds
  A bat (D:1)
  2 frilled lizards (D:2)
  3 rats
54 creatures vanquished.

Table legend:
 A = Non-vault XP
 B = Vault XP
 C = Vault XP percentage of total XP
 D = Non-vault monster count
 E = Vault monster count
 F = Vault count percentage of total count
                 A         B        C        D         E       F
            +---------+---------+-------+---------+---------+-------
      Total |     114 |      33 |  22.4 |      44 |      10 |  18.5
            +---------+---------+-------+---------+---------+-------
        D:1 |      31 |       0 |   0.0 |      16 |       0 |   0.0
        D:2 |      54 |      33 |  37.9 |      16 |      10 |  38.5
        D:3 |      29 |       0 |   0.0 |      12 |       0 |   0.0
            +---------+---------+-------+---------+---------+-------

Illustrated notes

Table legend:
 A = Kills in this place as a percentage of kills in entire the game.
 B = Kills by you in this place as a percentage of kills by you in the entire game.
 C = Kills by friends in this place as a percentage of kills by friends in the entire game.
 D = Other kills in this place as a percentage of other kills in the entire game.
 E = Experience gained in this place as a percentage of experience gained in the entire game.
 F = Experience gained in this place divided by the number of levels of this place that you have seen.
                   A       B       C       D       E      F
               +-------+-------+-------+-------+-------+----------------------
         Total | 100.0 | 100.0 |   N/A |   N/A | 100.0 |  36.8
       Dungeon | 100.0 | 100.0 |   N/A |   N/A | 100.0 |  36.8
               +-------+-------+-------+-------+-------+----------------------

Table legend: (Time is in decaauts)
 A = Elapsed time spent in this place.
 B = Non-inter-level travel time spent in this place.
 C = Inter-level travel time spent in this place.
 D = Time resting spent in this place.
 E = Time spent auto-exploring this place.
 F = Levels seen in this place.
 G = Mean time per level.
                   A        B        C        D        E       F      G
               +--------+--------+--------+--------+--------+-----+--------+
         Total |   2844 |   2816 |     28 |      0 |   2491 |   4 |  711.0 |
       Dungeon |   2844 |   2816 |     28 |      0 |   2491 |   4 |  711.0 |
               +--------+--------+--------+--------+--------+-----+--------+

Top non-repeatable levels by time:
     D:2: 1289 daAuts
     D:1: 1223 daAuts
     D:3: 228 daAuts
     D:4: 102 daAuts
